 Dungeon Sprint DCSS version 0.22-a0-845-g8bfc27d (webtiles) character file.

16248089 Krakonus1 the Invulnerable (level 21, 131/208 HPs)
             Began as a Minotaur Berserker on July 25, 2018.
             Was the Champion of Trog.
             Escaped with the Orb
             ... and 5 runes!
             The game lasted 01:54:23 (10031 turns).

Krakonus1 the Invulnerable (Minotaur Berserker)    Turns: 10031, Time: 01:54:24

Health: 131/208    AC: 40    Str: 40    XL:     21   Next: 30%
Magic:  12/12      EV: 26    Int:  6    God:    Trog [******]
Gold:   776        SH:  0    Dex: 14    Spells: 27/27 levels left

rFire    + + +     SeeInvis .   U - +9 triple sword (antimagic)
rCold    + . .     Gourm    .   (shield currently unavailable)
rNeg     + + .     Faith    .   K - +10 plate armour {rC+}
rPois    .         Spirit   .   S - +1 hat
rElec    +         Reflect  .   Q - +0 cloak of Gravity {*Contam rF+ Str+6}
rCorr    .         Harm     .   A - +0 pair of gloves {Str+3}
MR       ++++.     NoTele   +   P - +0 pair of boots {Stlth+}
Stlth    ++........             R - amulet "Efaecrou" {rElec Regen+ Dex+4}
HPRegen  1.84/turn              a - ring of Wirotiot {rF++ rN+ Str+3 Stlth-}
MPRegen  0.13/turn              J - ring of Temptation {-Tele rN+ Int+2 Slay+3}

@: regenerating, hasted (expiring), very quick
A: retaliatory headbutt, horns 2, rugged brown scales 1, clumsy 1, frail 1,
magic resistance 1, weak 1, MP-powered wands
0: Orb of Zot
}: 5/15 runes: decaying, serpentine, barnacled, silver, gossamer
a: Berserk, Trog's Hand, Brothers in Arms, Renounce Religion


You escaped.
You worshipped Trog.
Trog was exalted by your worship.
You were very hungry.

You visited 1 branch You collected 1965 gold pieces.
You spent 1189 gold pieces at shops.

Inventory:

Hand Weapons
 b - the +8 triple sword of Boushym {flame, rPois MR+}
   (Trog gifted it to you in the Dungeon)

   It has been specially enchanted to burn those struck by it, causing extra
   injury to most foes and up to half again as much damage against particularly
   susceptible opponents.
   Big, fiery blades are also staple armaments of hydra-hunters.
   It protects you from poison.
   It affects your resistance to hostile enchantments.
 e - the +4 falchion "Hoxzati" {elec, MR+ SInv}
   (Trog gifted it to you in the Dungeon)

   Occasionally, upon striking a foe, it will discharge some electrical energy
   and cause terrible harm.
   It affects your resistance to hostile enchantments.
   It lets you see invisible.
 f - the +2 great sword of Trial by Ordeal {venom, Str+3 Int+6 Dex-5}
   (Trog gifted it to you in the Dungeon)

   It poisons the flesh of those it strikes.
   It affects your strength (+3).
   It affects your intelligence (+6).
   It affects your dexterity (-5).
 k - a +4 great sword of holy wrath
 o - a +2 great sword of protection
 y - the +12 great sword "Ceacos" {drain, rF+ Str+7}
   (Trog gifted it to you in the Dungeon)

   A truly terrible weapon, it drains the life of those it strikes.
   It affects your strength (+7).
   It protects you from fire.
 F - a +9 triple sword of slicing
 N - a +5 demon blade of pain
 U - a +9 antimagic triple sword (weapon)
Missiles
 p - 8 javelins of penetration
 u - 39 javelins
 O - 21 steel javelins
 W - 16 exploding tomahawks (quivered)
Armour
 A - a +0 pair of gloves of strength (worn)
 H - a +5 large shield
 I - +0 gold dragon scales
 K - a +10 plate armour of cold resistance (worn)
 P - a +0 pair of boots of stealth (worn)
 Q - the +0 cloak of Gravity (worn) {*Contam rF+ Str+6}
   (You found it in the Dungeon)

   It affects your strength (+6).
   It protects you from fire.
   It causes magical contamination when unequipped.
 S - a +1 hat (worn)
Jewellery
 a - the ring of Wirotiot (left hand) {rF++ rN+ Str+3 Stlth-}
   (You found it in the Dungeon)

   [ring of strength]

   It affects your strength (+3).
   It greatly protects you from fire.
   It protects you from negative energy.
   It makes you less stealthy.
 q - the amulet of the Queen {Spirit rF+ Str+3 Dex+4}
   (You found it in the Dungeon)

   [amulet of guardian spirit]

   It causes incoming damage to be split between your health and magic.
   It affects your strength (+3).
   It affects your dexterity (+4).
   It protects you from fire.
 r - a +3 ring of dexterity
 x - a +4 ring of evasion
 z - a +2 ring of slaying
 C - a +4 ring of evasion
 J - the ring of Temptation (right hand) {-Tele rN+ Int+2 Slay+3}
   (You found it in the Dungeon)

   [ring of slaying]

   It affects your intelligence (+2).
   It affects your accuracy and damage with ranged weapons and melee attacks
   (+3).
   It protects you from negative energy.
   It prevents most forms of teleportation.
 L - a +4 ring of protection
 M - an uncursed ring of protection from cold
 R - the amulet "Efaecrou" (around neck) {rElec Regen+ Dex+4}
   (You found it in the Dungeon)

   [amulet of regeneration]

   It affects your dexterity (+4).
   It insulates you from electricity.
   It increases your rate of regeneration.
 X - the ring "Ytwadown" {+Inv Str+5 Dex+3}
   (You found it in the Dungeon)

   [ring of strength]

   It affects your strength (+5).
   It affects your dexterity (+3).
   It lets you turn invisible.
 Y - the amulet "Ziyshuse" {RegenMP Int+2 Stlth+}
   (You found it in the Dungeon)

   [amulet of magic regeneration]

   It increases your magic regeneration.
   It affects your intelligence (+2).
   It makes you more stealthy.
 Z - the amulet of Qeohum {+Rage Slay+2}
   (You found it in the Dungeon)

   [amulet of rage]

   It affects your accuracy and damage with ranged weapons and melee attacks
   (+2).
   It lets you go berserk.
Wands
 m - a wand of iceblast (10)
Scrolls
 i - 5 scrolls of blinking
 l - 6 scrolls of remove curse
 s - a scroll of fear
 w - 9 scrolls of identify
 D - 6 scrolls of fog
Potions
 d - 7 potions of curing
 g - 4 potions of magic
 h - 5 potions of berserk rage
 v - a potion of cancellation
 B - 3 potions of brilliance
 E - a potion of haste
Comestibles
 c - 5 rations


   Skills:
 O Level 27 Fighting
 O Level 27 Long Blades
 O Level 27 Throwing
 O Level 27 Armour
 O Level 27 Dodging
 O Level 27 Stealth
 O Level 27 Shields
 O Level 27 Unarmed Combat
 - Level 3.8 Spellcasting
 O Level 27 Evocations


You had 27 spell levels left.
You didn't know any spells.
Your spell library was empty.

Dungeon Overview and Level Annotations

Branches:
Dungeon (1/1)

Altars:
Cheibriados
Dithmenos
Elyvilon
Fedhas
Gozag
Hepliaklqana
Kikubaaqudgha
Makhleb
Nemelex Xobeh
Okawaru
Qazlal
Ru
Sif Muna
Trog
Uskayaw
Vehumet
Wu Jian
Xom
Yredelemnul
Zin
The Shining One
Beogh
Jiyva
Lugonu

Shops:
D :[?[


Innate Abilities, Weirdness & Mutations

You reflexively headbutt those who attack you in melee.
You have a pair of horns on your head.
You are partially covered in rugged brown scales. (AC +1, +3% HP)
You are clumsy. (Dex -2)
You are frail. (-10% HP)
You are resistant to hostile enchantments. (MR+)
You are weak. (Str -2)
You expend magic power (3 MP) to strengthen your wands.


Message History

There is a corrupted altar of Lugonu here.
There is an ancient bone altar of Kikubaaqudgha, spattered with blood here.
There is a viscous altar of Jiyva, spattered with blood here.
There is a hazy altar of Hepliaklqana here.
There is an opulent altar of Gozag, spattered with blood here.
There is a blossoming altar of Fedhas here.
There is a white marble altar of Elyvilon here.
There is a shadowy altar of Dithmenos here.
There is a snail-covered altar of Cheibriados here.
There is a roughly hewn altar of Beogh here.
There is an open door to the Temple here.
A smoke demon comes into view.
You see here a club.
There is an open door here.
You see here 5 stones.
There is an open door to the Dungeon here.
As you close the door, it creaks loudly!
Your extra speed is starting to run out.
There is a staircase leading out of the dungeon here.
You have escaped!

▓▓▓▓▓▓▓▓▓▓▓▓▓▓▓▓▓▓
'3...)'...(.+...@▓
▓▓▓▓▓▓▓▓▓▓▓▓▓▓▓▓▓▓
.................▓
▓▓▓▓▓▓▓▓▓▓▓▓▓▓▓▓.▓
..)......gG......▓
▓▓▓▓▓▓▓▓▓▓▓▓▓▓▓▓▓▓
.(((.)...........▓
▓▓▓▓▓▓▓▓▓▓▓▓▓▓▓▓.▓
)))).............▓


There were no monsters in sight!

Vanquished Creatures
  A seraph (D)
  2 orbs of fire (D)
  2 ancient liches (D)
  Mara (D)
  Sojobo (D)
  Frederick (D)
  3 Killer Klowns (D)
  Margery (D)
  A curse toe (D)
  8 golden dragons (D)
  A caustic shrike (D)
  6 pandemonium lords (D)
  Jory (D)
  A Tzitzimitl (D)
  An electric golem (D)
  2 Brimstone Fiends (D)
  A hellephant (D)
  37 Orb Guardians (D)
  An Ice Fiend (D)
  A tentacled monstrosity (D)
  A deep elf master archer (D)
  2 quicksilver dragons (D)
  4 death cobs (D)
  Agnes (D)
  2 tengu reavers (D)
  A storm dragon (D)
  A thorn hunter (D)
  11 shadow dragons (D)
  Ilsuiw (D)
  A draconian monk (D)
  9 nagarajas (D)
  A draconian knight (D)
  3 draconian scorchers (D)
  4 ghost moths (D)
  4 fire giants (D)
  An angel (D)
  2 frost giants (D)
  A vault warden (D)
  Louise (D)
  2 cacodemons (D)
  10 emperor scorpions (D)
  A draconian shifter (D)
  A draconian annihilator (D)
  A reaper (D)
  2 ironheart preservers (D)
  A vampire knight (D)
  2 green draconians (D)
  3 very ugly things (D)
  Nessos (D)
  6 stone giants (D)
  A lorocyproca (D)
  A black draconian (D)
  2 spark wasps (D)
  5 white draconians (D)
  Azrael (D)
  2 purple draconians (D)
  3 red draconians (D)
  A green death (D)
  3 merfolk javelineers (D)
  A blizzard demon (D)
  4 merfolk impalers (D)
  2 fire dragons (D)
  3 yaktaur captains (D)
  A great orb of eyes (D)
  6 ice dragons (D)
  10 hydras (D)
  3 rakshasas (D)
  25 vault guards (D)
  A centaur warrior (D)
  An anaconda (D)
  3 merfolk aquamancers (D)
  An anaconda (shapeshifter) (D)
  5 naga warriors (D)
  A merfolk avatar (D)
  An alligator (D)
  A death knight (D)
  2 tengu warriors (D)
  A deep troll shaman (D)
  4 ogre magi (D)
  7 orc high priests (D)
  2 spriggan berserkers (D)
  2 vampire magi (D)
  A soul eater (D)
  Sonja (D)
  5 sun demons (D)
  2 hell knights (D)
  Nergalle (D)
  6 sixfirhies (D)
  A shadow wraith (D)
  A skeletal warrior (D)
  2 glowing orange brains (D)
  4 swamp dragons (D)
  A shadow demon (D)
  A spriggan druid (D)
  A deep elf archer (D)
  7 orc knights (D)
  A wizard (D)
  2 lindwurms (D)
  2 necromancers (D)
  An orb spider (shapeshifter) (D)
  7 wolf spiders (D)
  3 ironbrand convokers (D)
  A shining eye (shapeshifter) (D)
  An orc sorcerer (D)
  2 manticores (D)
  2 deep elf magi (D)
  A cyclops (D)
  11 moths of wrath (D)
  2 merfolk sirens (D)
  2 guardian serpents (D)
  2 vault sentinels (D)
  2 rust devils (D)
  4 naga magi (D)
  A water nymph (D)
  A black mamba (D)
  6 smoke demons (D)
  3 orange demons (D)
  A demonic crawler (D)
  3 spiny frogs (D)
  2 hellions (D)
  2 freezing wraiths (D)
  8 hellwings (D)
  4 ice devils (D)
  5 red devils (D)
  A queen bee (shapeshifter) (D)
  A meliai (shapeshifter) (D)
  2 tengu conjurers (D)
  5 merfolk (D)
  A blink frog (D)
  A tyrant leech (D)
  4 hippogriffs (D)
  A slime creature (D)
  3 redbacks (D)
  3 ynoxinuls (D)
  A wraith (D)
  A fire elemental (D)
  A wyvern (D)
  A vampire (D)
  3 neqoxecs (D)
  2 vampire mosquitoes (D)
  8 chaos spawn (D)
  A naga (D)
  3 acid dragons (D)
  5 hell hounds (D)
  A water moccasin (D)
  2 porcupines (D)
  12 orc warriors (D)
  A sky beast (D)
  A centaur (D)
  2 crocodiles (D)
  6 bullfrogs (D)
  A howler monkey (D)
  2 crimson imps (D)
  A quasit (D)
  3 orc priests (D)
  4 hounds (D)
  An iron imp (D)
  An iguana (D)
  5 orc wizards (D)
  A worker ant (D)
  A hell rat (D)
  A shadow imp (D)
  A white imp (D)
  3 ufetubi (D)
  5 worms (D)
  A dart slug (D)
  2 leopard geckos (D)
  6 orcs (D)
  A bat (D)
  A goblin (D)
  A kobold (D)
  A ball python zombie (D)
492 creatures vanquished.

Vanquished Creatures (collateral kills)
  An Orb Guardian (D)
  A thorn hunter (D)
  A sphinx (D)
  A tengu reaver (D)
  An ice dragon (D)
  An ogre mage (D)
  A hell knight (D)
  A komodo dragon (D)
  An acid dragon (D)
9 creatures vanquished.

Grand Total: 501 creatures vanquished

Notes
Turn   | Place    | Note
-------+----------+-------------------------------------------
     0 | D        | Krakonus1 the Minotaur Berserker began the quest for the Orb.
     0 | D        | Reached XP level 1. HP: 19/19 MP: 0/0
     5 | D        | Reached skill level 5 in Long Blades
    11 | D        | Reached ** piety under Trog
    15 | D        | Reached XP level 2. HP: 26/26 MP: 1/1
    33 | D        | Reached *** piety under Trog
    40 | D        | Reached XP level 3. HP: 22/31 MP: 2/2
    41 | D        | Reached skill level 10 in Long Blades
    41 | D        | Reached XP level 4. HP: 28/39 MP: 3/3
    57 | D        | Found a roughly hewn altar of Beogh.
    57 | D        | Found a snail-covered altar of Cheibriados.
    57 | D        | Found a shadowy altar of Dithmenos.
    57 | D        | Found a white marble altar of Elyvilon.
    57 | D        | Found a blossoming altar of Fedhas.
    57 | D        | Found an opulent altar of Gozag.
    58 | D        | Found a hazy altar of Hepliaklqana.
    59 | D        | Found a viscous altar of Jiyva.
    60 | D        | Found an ancient bone altar of Kikubaaqudgha.
    61 | D        | Found a corrupted altar of Lugonu.
    62 | D        | Found a burning altar of Makhleb.
    63 | D        | Found a sparkling altar of Nemelex Xobeh.
    64 | D        | Found an iron altar of Okawaru.
    65 | D        | Found a stormy altar of Qazlal.
    66 | D        | Found a sacrificial altar of Ru.
    67 | D        | Found a deep blue altar of Sif Muna.
    68 | D        | Found a bloodstained altar of Trog.
    69 | D        | Found a hide-covered altar of Uskayaw.
    70 | D        | Found a radiant altar of Vehumet.
    71 | D        | Found an ornate altar of the Wu Jian Council.
    72 | D        | Found a shimmering altar of Xom.
    73 | D        | Found a basalt altar of Yredelemnul.
    74 | D        | Found a glowing silver altar of Zin.
    75 | D        | Found a glowing golden altar of the Shining One.
   179 | D        | Noticed a sky beast
   179 | D        | Noticed a centaur
   183 | D        | Killed a centaur
   183 | D        | Reached **** piety under Trog
   183 | D        | Reached XP level 5. HP: 45/45 MP: 4/4
   191 | D        | Killed a sky beast
   191 | D        | Reached XP level 6. HP: 51/51 MP: 5/5
   195 | D        | Reached ***** piety under Trog
   195 | D        | Reached skill level 15 in Long Blades
   295 | D        | Noticed a centaur warrior
   295 | D        | Noticed a manticore
   295 | D        | Noticed a vampire mosquito
   299 | D        | Killed a vampire mosquito
   306 | D        | Killed a manticore
   306 | D        | Reached XP level 7. HP: 38/57 MP: 6/6
   308 | D        | Killed a centaur warrior
   308 | D        | Reached skill level 20 in Long Blades
   308 | D        | Reached XP level 8. HP: 43/64 MP: 7/7
   314 | D        | Received a gift from Trog
   554 | D        | Gained mutation: You are weak. (Str -2) [potion of mutation]
   554 | D        | Gained mutation: You are partially covered in molten scales. (AC +2) [potion of mutation]
   554 | D        | Gained mutation: You have supernaturally acute eyesight. (SInv) [potion of mutation]
   554 | D        | Gained mutation: Your system is resistant to poisons. (rPois) [potion of mutation]
   574 | D        | Noticed a black mamba
   586 | D        | Killed a black mamba
   586 | D        | Reached XP level 9. HP: 70/70 MP: 2/8
   589 | D        | Reached ****** piety under Trog
   641 | D        | Received a gift from Trog
   647 | D        | Noticed a spiny frog
   659 | D        | Killed a spiny frog
   667 | D        | Received a gift from Trog
   670 | D        | Got a polished great sword {god gift}
   686 | D        | Identified the +12 great sword "Ceacos" {drain, rF+ Str+7} (Trog gifted it to you in the Dungeon)
   751 | D        | Noticed a lindwurm
   751 | D        | Noticed a tyrant leech
   752 | D        | Noticed a lindwurm
   760 | D        | Killed a tyrant leech
   760 | D        | Reached XP level 10. HP: 79/79 MP: 9/9
   763 | D        | Killed a lindwurm
   763 | D        | Reached skill level 5 in Fighting
   763 | D        | Reached skill level 5 in Armour
   767 | D        | Killed a lindwurm
  1044 | D        | Noticed Sonja
  1048 | D        | Killed Sonja
  1048 | D        | Received a gift from Trog
  1048 | D        | Reached skill level 5 in Dodging
  1270 | D        | Received a gift from Trog
  1274 | D        | Noticed an orc sorcerer
  1282 | D        | Killed an orc sorcerer
  1458 | D        | Noticed an orc knight
  1460 | D        | Reached skill level 10 in Armour
  1463 | D        | Received a gift from Trog
  1469 | D        | Killed an orc knight
  1476 | D        | Received a gift from Trog
  1699 | D        | Found Olitog's Armour Boutique.
  1699 | D        | Noticed an orc high priest
  1699 | D        | Noticed an orc knight
  1699 | D        | Noticed an orc high priest
  1699 | D        | Noticed an orc knight
  1699 | D        | Noticed an orc high priest
  1700 | D        | Noticed an orc high priest
  1702 | D        | Killed an orc high priest
  1702 | D        | Reached XP level 11. HP: 97/97 MP: 10/10
  1706 | D        | Noticed an orc high priest
  1708 | D        | Killed an orc knight
  1709 | D        | Killed an orc high priest
  1709 | D        | Received a gift from Trog
  1709 | D        | Reached skill level 10 in Fighting
  1710 | D        | Found Fontyuh's Magic Scroll Shop.
  1710 | D        | Noticed an orc knight
  1713 | D        | Killed an orc knight
  1716 | D        | Noticed an orc knight
  1717 | D        | Killed an orc high priest
  1719 | D        | Killed an orc high priest
  1720 | D        | Found Nuxeqoomm's Armour Boutique.
  1720 | D        | Noticed an orc knight
  1727 | D        | Killed an orc high priest
  1727 | D        | Reached skill level 10 in Dodging
  1728 | D        | Noticed an orc knight
  1729 | D        | Killed an orc knight
  1729 | D        | Reached skill level 15 in Armour
  1730 | D        | Found Xisuq's Book Shop.
  1731 | D        | Noticed an orc high priest
  1735 | D        | Noticed an orc high priest
  1741 | D        | Killed an orc knight
  1747 | D        | Killed an orc knight
  1749 | D        | Killed an orc knight
  1752 | D        | Killed an orc high priest
  1752 | D        | Received a gift from Trog
  1756 | D        | Noticed a soul eater
  1764 | D        | Killed an orc high priest
  1825 | D        | Bought a +2 pair of gloves of dexterity for 215 gold pieces
  1836 | D        | Bought a +0 cloak of magic resistance for 138 gold pieces
  1866 | D        | Bought a scroll of identify for 26 gold pieces
  1866 | D        | Bought a scroll of enchant weapon for 97 gold pieces
  1866 | D        | Bought a scroll of identify for 26 gold pieces
  1866 | D        | Bought a scroll of remove curse for 39 gold pieces
  1866 | D        | Bought a scroll of blinking for 97 gold pieces
  1866 | D        | Bought a scroll of enchant weapon for 97 gold pieces
  1866 | D        | Bought a scroll of identify for 26 gold pieces
  1866 | D        | Bought a scroll of identify for 26 gold pieces
  1866 | D        | Bought a scroll of fog for 26 gold pieces
  1866 | D        | Bought a scroll of fog for 26 gold pieces
  1872 | D        | Bought a +1 plate armour of cold resistance for 350 gold pieces
  1982 | D        | Found the +7 great mace "Firestarter" {inner flame, rF++}
  2001 | D        | Got the cursed +0 cloak of Gravity {*Contam rF+ Str+6}
  2005 | D        | Got the cursed +0 ring mail of Birdsong {Dex+3}
  2103 | D        | Noticed a tengu warrior
  2114 | D        | Noticed an ogre mage
  2117 | D        | Noticed an orb spider
  2117 | D        | Noticed an ice dragon
  2122 | D        | Killed a tengu warrior
  2122 | D        | Received a gift from Trog
  2122 | D        | Reached XP level 12. HP: 113/113 MP: 11/11
  2128 | D        | Noticed a sphinx
  2142 | D        | Killed an ice dragon
  2143 | D        | Killed an ogre mage
  2145 | D        | Killed a sphinx
  2148 | D        | Noticed a tengu reaver
  2153 | D        | Killed a tengu reaver
  2224 | D        | Noticed a fire giant
  2234 | D        | Killed a fire giant
  2234 | D        | Received a gift from Trog
  2245 | D        | Noticed a yaktaur captain
  2256 | D        | Killed a yaktaur captain
  2422 | D        | Noticed Azrael
  2433 | D        | Killed Azrael
  2433 | D        | Received a gift from Trog
  2452 | D        | Noticed Nessos
  2461 | D        | Killed Nessos
  2607 | D        | Noticed a seven-headed hydra
  2607 | D        | Noticed a thorn hunter
  2607 | D        | Noticed a seven-headed hydra
  2607 | D        | Noticed a thorn hunter
  2612 | D        | Noticed an alligator
  2621 | D        | Killed a thorn hunter
  2621 | D        | Reached skill level 15 in Fighting
  2624 | D        | Killed a six-headed hydra
  2629 | D        | Killed a thorn hunter
  2629 | D        | Received a gift from Trog
  2629 | D        | Reached skill level 20 in Armour
  2631 | D        | Killed a five-headed hydra
  2632 | D        | Reached XP level 13. HP: 128/128 MP: 12/12
  2641 | D        | Received a gift from Trog
  2653 | D        | Got an ichor-stained great sword {god gift}
  2654 | D        | Identified the +2 great sword of Trial by Ordeal {venom, Str+3 Int+6 Dex-5} (Trog gifted it to you in the Dungeon)
  2691 | D        | Noticed a merfolk impaler
  2691 | D        | Noticed a merfolk javelineer
  2704 | D        | Killed a merfolk javelineer
  2708 | D        | Killed a merfolk impaler
  2708 | D        | Reached skill level 15 in Dodging
  2709 | D        | Received a gift from Trog
  2917 | D        | Noticed an emperor scorpion
  2921 | D        | Received a gift from Trog
  2922 | D        | Noticed a ghost moth
  2933 | D        | Killed an emperor scorpion
  2939 | D        | Killed a ghost moth
  2942 | D        | Received a gift from Trog
  2956 | D        | Krakonus1: trog pls
  3022 | D        | Noticed a nagaraja
  3027 | D        | Killed a nagaraja
  3036 | D        | Received a gift from Trog
  3046 | D        | Received a gift from Trog
  3052 | D        | Got a twisted triple sword {god gift}
  3055 | D        | Identified the +8 triple sword of Boushym {flame, rPois MR+} (Trog gifted it to you in the Dungeon)
  3167 | D        | Noticed Agnes
  3181 | D        | Killed Agnes
  3256 | D        | Noticed a green very ugly thing
  3256 | D        | Noticed a fire giant
  3256 | D        | Noticed a stone giant
  3257 | D        | Noticed a brown very ugly thing
  3262 | D        | Killed a stone giant
  3274 | D        | Killed a fire giant
  3274 | D        | Reached XP level 14. HP: 146/146 MP: 13/13
  3276 | D        | Killed a green very ugly thing
  3277 | D        | Noticed a frost giant
  3278 | D        | Received a gift from Trog
  3279 | D        | Noticed a fire giant
  3282 | D        | Killed a brown very ugly thing
  3290 | D        | Noticed a green very ugly thing
  3292 | D        | Reached skill level 20 in Fighting
  3294 | D        | Killed a frost giant
  3294 | D        | Received a gift from Trog
  3295 | D        | Noticed a stone giant
  3299 | D        | Killed a fire giant
  3300 | D        | Noticed a vampire knight
  3301 | D        | Killed a green very ugly thing
  3307 | D        | Killed a stone giant
  3310 | D        | Received a gift from Trog
  3316 | D        | Killed a vampire knight
  3354 | D        | Krakonus1: 10 antiagic great swords
  3452 | D        | Received a gift from Trog
  3463 | D        | Received a gift from Trog
  3472 | D        | Noticed a stone giant
  3483 | D        | Noticed a stone giant
  3484 | D        | Killed a stone giant
  3484 | D        | Received a gift from Trog
  3487 | D        | Noticed a deep elf master archer
  3496 | D        | Killed a deep elf master archer
  3499 | D        | Received a gift from Trog
  3504 | D        | Killed a stone giant
  3891 | D        | Noticed an emperor scorpion
  3902 | D        | Killed an emperor scorpion
  3982 | D        | Noticed Louise
  3992 | D        | Killed Louise
  3992 | D        | Received a gift from Trog
  4028 | D        | Reached XP level 15. HP: 155/166 MP: 14/14
  4064 | D        | Got the +0 cloak "Poekiokh" {rC+}
  4162 | D        | Noticed Jory
  4175 | D        | Killed Jory
  4175 | D        | Reached skill level 20 in Dodging
  4355 | D        | Received a gift from Trog
  4375 | D        | Got a decaying rune of Zot
  4404 | D        | Received a gift from Trog
  4405 | D        | Noticed Ilsuiw
  4424 | D        | Received a gift from Trog
  4427 | D        | Killed Ilsuiw
  4441 | D        | Received a gift from Trog
  4446 | D        | Got a barnacled rune of Zot
  4453 | D        | Got an ebony triple sword {god gift}
  4730 | D        | Identified the +8 triple sword "Bivos" {flame, Int+3} (Trog gifted it to you in the Dungeon)
  4751 | D        | Noticed a ghost moth
  4752 | D        | Received a gift from Trog
  4752 | D        | Reached skill level 27 in Armour
  4758 | D        | Killed a ghost moth
  4758 | D        | Reached skill level 27 in Fighting
  4789 | D        | Got a gossamer rune of Zot
  4862 | D        | Noticed a nagaraja
  4862 | D        | Noticed a nagaraja
  4862 | D        | Noticed a nagaraja
  4862 | D        | Noticed a nagaraja
  4863 | D        | Noticed a nagaraja
  4873 | D        | Killed a nagaraja
  4873 | D        | Received a gift from Trog
  4874 | D        | Noticed a nagaraja
  4877 | D        | Killed a nagaraja
  4878 | D        | Noticed a nagaraja
  4884 | D        | Killed a nagaraja
  4885 | D        | Noticed a nagaraja
  4888 | D        | Killed a nagaraja
  4888 | D        | Received a gift from Trog
  4893 | D        | Killed a nagaraja
  4901 | D        | Killed a nagaraja
  4911 | D        | Killed a nagaraja
  4911 | D        | Reached XP level 16. HP: 63/183 MP: 15/15
  4926 | D        | Received a gift from Trog
  4940 | D        | Got a serpentine rune of Zot
  5335 | D        | Noticed Nergalle
  5345 | D        | Killed Nergalle
  5372 | D        | Received a gift from Trog
  5389 | D        | Reached skill level 27 in Dodging
  5407 | D        | Received a gift from Trog
  5563 | D        | Received a gift from Trog
  5574 | D        | Reached skill level 27 in Long Blades
  5574 | D        | Krakonus1: uuuuuuuuuhhhhhhh
  5622 | D        | Reached skill level 1 in Throwing
  5622 | D        | Reached skill level 1 in Stealth
  5622 | D        | Reached skill level 1 in Evocations
  5639 | D        | Received a gift from Trog
  5747 | D        | Reached skill level 5 in Throwing
  5752 | D        | Reached skill level 5 in Stealth
  5752 | D        | Reached skill level 5 in Evocations
  5759 | D        | Received a gift from Trog
  5763 | D        | Noticed a shadow dragon
  5764 | D        | Noticed a shadow dragon
  5774 | D        | Received a gift from Trog
  5782 | D        | Killed a shadow dragon
  5785 | D        | Killed a shadow dragon
  5787 | D        | Received a gift from Trog
  5791 | D        | Received a gift from Trog
  5856 | D        | Lost mutation: You are weak. (Str -2) [potion of mutation]
  5856 | D        | Lost mutation: Your system is resistant to poisons. (rPois) [potion of mutation]
  5856 | D        | Gained mutation: You are somewhat resistant to further mutation. [potion of mutation]
  5856 | D        | Gained mutation: Your spells are a little harder to cast, but a little more powerful. [potion of mutation]
  5856 | D        | Gained mutation: Your mind is acute. (Int +2) [potion of mutation]
  5918 | D        | Noticed a shadow dragon
  5918 | D        | Noticed a golden dragon
  5918 | D        | Noticed a shadow dragon
  5918 | D        | Noticed a quicksilver dragon
  5918 | D        | Noticed a shadow dragon
  5925 | D        | Noticed a shadow dragon
  5926 | D        | Killed a shadow dragon
  5927 | D        | Noticed a golden dragon
  5930 | D        | Killed a golden dragon
  5930 | D        | Received a gift from Trog
  5930 | D        | Reached skill level 10 in Throwing
  5931 | D        | Killed a quicksilver dragon
  5931 | D        | Reached skill level 10 in Stealth
  5931 | D        | Reached skill level 10 in Evocations
  5936 | D        | Killed a shadow dragon
  5936 | D        | Received a gift from Trog
  5940 | D        | Killed a shadow dragon
  5940 | D        | Reached XP level 17. HP: 191/191 MP: 22/24
  5946 | D        | Killed a golden dragon
  5959 | D        | Got a silver rune of Zot
  5963 | D        | Got a flickering emerald amulet
  5964 | D        | Identified the amulet "Efaecrou" {rElec Regen+ Dex+4} (You found it in the Dungeon)
  5977 | D        | Got a pitted bronze ring
  6093 | D        | Noticed Mara
  6098 | D        | Noticed Krakonus1's illusion
  6124 | D        | Noticed Krakonus1's illusion
  6144 | D        | Killed Mara
  6144 | D        | Received a gift from Trog
  6194 | D        | Noticed Margery
  6197 | D        | Noticed Frederick
  6217 | D        | Killed Margery
  6217 | D        | Received a gift from Trog
  6225 | D        | Killed Frederick
  6225 | D        | Reached skill level 15 in Throwing
  6229 | D        | Received a gift from Trog
  6290 | D        | Got the ring of Temptation {-Tele rN+ Int+2 Slay+3}
  6292 | D        | Got the amulet "Ziyshuse" {RegenMP Int+2 Stlth+}
  6294 | D        | Got the amulet of Qeohum {+Rage Slay+2}
  6303 | D        | Got the ring of Wirotiot {rF++ rN+ Str+3 Stlth-}
  6305 | D        | Got the amulet of the Queen {Spirit rF+ Str+3 Dex+4}
  6314 | D        | Got the +5 great sword of the Many Stars {flame, rC- MP+9 Str+6 Stlth+}
  6402 | D        | Identified the ring "Ytwadown" {+Inv Str+5 Dex+3} (You found it in the Dungeon)
  6558 | D        | Lost mutation: Your mind is acute. (Int +2) [potion of mutation]
  6558 | D        | Lost mutation: Your spells are a little harder to cast, but a little more powerful. [potion of mutation]
  6558 | D        | Gained mutation: You can translocate small distances at will. [potion of mutation]
  6559 | D        | Lost mutation: You can translocate small distances at will. [potion of mutation]
  6559 | D        | Lost mutation: You are somewhat resistant to further mutation. [potion of mutation]
  6559 | D        | Lost mutation: You are partially covered in molten scales. (AC +2) [potion of mutation]
  6559 | D        | Gained mutation: You are resistant to hostile enchantments. (MR+) [potion of mutation]
  6559 | D        | Gained mutation: You are highly resistant to hostile enchantments. (MR++) [potion of mutation]
  6560 | D        | Lost mutation: You are highly resistant to hostile enchantments. (MR++) [potion of mutation]
  6560 | D        | Lost mutation: You have supernaturally acute eyesight. (SInv) [potion of mutation]
  6560 | D        | Gained mutation: You expend magic power (3 MP) to strengthen your wands. [potion of mutation]
  6560 | D        | Gained mutation: You are partially covered in rugged brown scales. (AC +1, +3% HP) [potion of mutation]
  6588 | D        | Noticed Sojobo
  6592 | D        | Received a gift from Trog
  6612 | D        | Killed Sojobo
  6769 | D        | Noticed a caustic shrike
  6769 | D        | Received a gift from Trog
  6769 | D        | Received a gift from Trog
  6775 | D        | Received a gift from Trog
  6775 | D        | Reached skill level 15 in Stealth
  6775 | D        | Reached skill level 15 in Evocations
  6784 | D        | Received a gift from Trog
  6788 | D        | Killed a caustic shrike
  6856 | D        | Noticed a golden dragon
  6857 | D        | Noticed a golden dragon
  6861 | D        | Received a gift from Trog
  6861 | D        | Reached skill level 10 in Shields
  6867 | D        | Killed a golden dragon
  6873 | D        | Killed a golden dragon
  6879 | D        | Noticed a golden dragon
  6880 | D        | Received a gift from Trog
  6891 | D        | Received a gift from Trog
  6895 | D        | Killed a golden dragon
  6895 | D        | Reached XP level 18. HP: 206/206 MP: 29/29
  6932 | D        | Noticed a tentacled monstrosity
  6945 | D        | Killed a tentacled monstrosity
  6945 | D        | Received a gift from Trog
  6951 | D        | Received a gift from Trog
  7017 | D        | Received a gift from Trog
  7022 | D        | Reached skill level 15 in Shields
  7039 | D        | Received a gift from Trog
  7161 | D        | Received a gift from Trog
  7168 | D        | Reached skill level 20 in Throwing
  7214 | D        | Noticed a golden dragon
  7214 | D        | Noticed a curse toe
  7217 | D        | Received a gift from Trog
  7228 | D        | Killed a curse toe
  7236 | D        | Killed a golden dragon
  7236 | D        | Received a gift from Trog
  7436 | D        | Noticed an Orb Guardian
  7436 | D        | Noticed an Orb Guardian
  7436 | D        | Noticed an Orb Guardian
  7436 | D        | Noticed an Orb Guardian
  7436 | D        | Noticed an Orb Guardian
  7436 | D        | Noticed an Orb Guardian
  7437 | D        | Killed an Orb Guardian
  7438 | D        | Noticed an Orb Guardian
  7439 | D        | Killed an Orb Guardian
  7445 | D        | Killed an Orb Guardian
  7445 | D        | Received a gift from Trog
  7448 | D        | Killed an Orb Guardian
  7451 | D        | Killed an Orb Guardian
  7451 | D        | Reached skill level 20 in Stealth
  7451 | D        | Reached skill level 20 in Evocations
  7452 | D        | Noticed an Orb Guardian
  7454 | D        | Killed an Orb Guardian
  7454 | D        | Received a gift from Trog
  7459 | D        | Killed an Orb Guardian
  7459 | D        | Received a gift from Trog
  7459 | D        | Reached skill level 20 in Shields
  7460 | D        | Killed an Orb Guardian
  7461 | D        | Noticed an Orb Guardian
  7462 | D        | Noticed an Orb Guardian
  7466 | D        | Killed an Orb Guardian
  7466 | D        | Received a gift from Trog
  7472 | D        | Killed an Orb Guardian
  7502 | D        | Noticed an Orb Guardian
  7502 | D        | Noticed an Orb Guardian
  7502 | D        | Noticed a golden dragon
  7503 | D        | Noticed an Orb Guardian
  7505 | D        | Noticed an Orb Guardian
  7506 | D        | Received a gift from Trog
  7508 | D        | Killed a golden dragon
  7508 | D        | Reached XP level 19. HP: 195/213 MP: 32/32
  7568 | D        | Noticed an ancient lich
  7578 | D        | Killed an ancient lich
  7637 | D        | Noticed an orb of fire
  7639 | D        | Gained mutation: You are frail. (-10% HP) [an orb of fire]
  7641 | D        | Killed an orb of fire
  7641 | D        | Received a gift from Trog
  7646 | D        | Noticed an electric golem
  7653 | D        | Killed an electric golem
  7655 | D        | Noticed a Killer Klown
  7656 | D        | Noticed a Killer Klown
  7660 | D        | Received a gift from Trog
  7669 | D        | Killed a Killer Klown
  7669 | D        | Received a gift from Trog
  7670 | D        | Noticed an orb of fire
  7673 | D        | Noticed an ancient lich
  7680 | D        | Noticed a Killer Klown
  7681 | D        | Gained mutation: You are clumsy. (Dex -2) [an orb of fire]
  7683 | D        | Gained mutation: You are weak. (Str -2) [an orb of fire]
  7688 | D        | Noticed a golden dragon
  7695 | D        | Killed an orb of fire
  7706 | D        | Killed an ancient lich
  7708 | D        | Received a gift from Trog
  7711 | D        | Received a gift from Trog
  7714 | D        | Killed a golden dragon
  7720 | D        | Received a gift from Trog
  7734 | D        | Killed a Killer Klown
  7750 | D        | Killed a Killer Klown
  7750 | D        | Received a gift from Trog
  7831 | D        | Received a gift from Trog
  7839 | D        | Received a gift from Trog
  7856 | D        | Reached XP level 20. HP: 70/200 MP: 35/35
  7866 | D        | Received a gift from Trog
  7887 | D        | Received a gift from Trog
  8089 | D        | Received a gift from Trog
  8092 | D        | Reached skill level 27 in Shields
  8100 | D        | Got the Orb of Zot
  8239 | D        | Noticed Toloipp the pandemonium lord
  8241 | D        | Received a gift from Trog
  8254 | D        | Killed Toloipp the pandemonium lord
  8304 | D        | Reached skill level 27 in Throwing
  8334 | D        | Received a gift from Trog
  8612 | D        | Received a gift from Trog
  8674 | D        | Noticed Voppof the pandemonium lord
  8694 | D        | Killed Voppof the pandemonium lord
  8717 | D        | Received a gift from Trog
  8764 | D        | Received a gift from Trog
  8896 | D        | Received a gift from Trog
  8925 | D        | Received a gift from Trog
  9017 | D        | Noticed Wofebub the pandemonium lord
  9034 | D        | Killed Wofebub the pandemonium lord
  9034 | D        | Reached skill level 27 in Stealth
  9034 | D        | Reached skill level 27 in Evocations
  9034 | D        | Reached skill level 5 in Unarmed Combat
  9081 | D        | Received a gift from Trog
  9102 | D        | Received a gift from Trog
  9109 | D        | Got a slimy falchion {god gift}
  9110 | D        | Identified the +4 falchion "Hoxzati" {elec, MR+ SInv} (Trog gifted it to you in the Dungeon)
  9116 | D        | Reached skill level 10 in Unarmed Combat
  9252 | D        | Received a gift from Trog
  9274 | D        | Noticed Wainusk the pandemonium lord
  9289 | D        | Killed Wainusk the pandemonium lord
  9299 | D        | Received a gift from Trog
  9347 | D        | Received a gift from Trog
  9520 | D        | Received a gift from Trog
  9525 | D        | Reached skill level 20 in Unarmed Combat
  9601 | D        | Noticed Paulacil the pandemonium lord
  9621 | D        | Killed Paulacil the pandemonium lord
  9621 | D        | Received a gift from Trog
  9623 | D        | Received a gift from Trog
  9626 | D        | Reached XP level 21. HP: 200/208 MP: 0/37
  9757 | D        | Received a gift from Trog
  9777 | D        | Noticed a seraph
  9778 | D        | Krakonus1: you have to be fucking kidding me
  9792 | D        | Killed a seraph
  9800 | D        | Received a gift from Trog
  9910 | D        | Received a gift from Trog
  9947 | D        | Reached skill level 27 in Unarmed Combat
  9977 | D        | Noticed Akuqamel the pandemonium lord
 10001 | D        | Killed Akuqamel the pandemonium lord
 10001 | D        | Received a gift from Trog
 10031 | D        | Escaped with the Orb!

Vault maps used:
D:        linesprint

Skill      XL: |  1  2  3  4  5  6  7  8  9 10 11 12 13 14 15 16 17 18 19 20 21 |
---------------+----------------------------------------------------------------+-----
Long Blades    | 6 8 10 12 14 18 20 22 24 27 | 27.0
Fighting       | 4 9 12 15 19 24 27 | 27.0
Armour         | 3 12 16 20 23 25 27 | 27.0
Dodging        | 8 11 14 17 19 25 27 | 27.0
Throwing       | 11 18 22 25 27 | 27.0
Stealth        | 10 16 20 24 27 | 27.0
Evocations     | 10 16 20 24 27 | 27.0
Shields        | 13 21 26 27 | 27.0
Unarmed Combat | 21 27 | 27.0
Spellcasting   | 3 |  3.8

Action                   |  1- 3 |  4- 6 |  7- 9 | 10-12 | 13-15 | 16-18 | 19-21 || total
-------------------------+-------+-------+-------+-------+-------+-------+-------++-------
Melee: Falchion          |    21 |       |       |       |       |       |       ||    21
       Headbutt          |     3 |     6 |    12 |    41 |   125 |   178 |   138 ||   503
       Scimitar          |       |    20 |     5 |       |       |       |       ||    25
       Great sword       |       |       |    47 |   146 |    69 |       |       ||   262
       Triple sword      |       |       |       |       |   277 |   434 |   400 ||  1111
Invok: Berserk           |     1 |     2 |     2 |     4 |     7 |     7 |     3 ||    26
       Brothers in Arms  |       |       |       |     5 |       |     2 |     6 ||    13
       Trog's Hand       |       |       |       |     2 |     2 |       |     7 ||    11
  Use: Potion            |       |       |     1 |     3 |     6 |     4 |    14 ||    28
       Scroll            |       |       |       |     3 |    13 |     7 |       ||    23
 Stab: Sleeping          |       |       |       |       |       |       |     2 ||     2
       Distracted        |       |       |       |       |       |       |     6 ||     6
       Invisible         |       |       |       |       |       |       |     1 ||     1
  Eat: Chunk             |       |       |     3 |     8 |     8 |    15 |     8 ||    42
       Ration            |       |       |       |     1 |     3 |       |     2 ||     6
Armor: Animal skin       |     5 |       |       |       |       |       |       ||     5
       Chain mail        |       |     7 |     8 |     5 |       |       |       ||    20
       Plate armour      |       |       |       |    34 |   182 |   108 |    97 ||   421
Dodge: Dodged            |    17 |     7 |    30 |    54 |   274 |   270 |   229 ||   881
       Rpst.: Falchion   |     5 |       |       |       |       |       |       ||     5
       Scimitar          |       |     1 |     1 |       |       |       |       ||     2
       Great sword       |       |       |     8 |    13 |     6 |       |       ||    27
       Triple sword      |       |       |       |       |    26 |    50 |    48 ||   124

Table legend:
 A = Spawn XP
 B = Non-spawn XP
 C = Spawn XP percentage of total XP
 D = Spawn monster count
 E = Non-spawn monster count
 F = Spawn count percentage of total count
 G = Total turns spent on level
                    A         B        C        D         E        F      G
               +---------+---------+-------+---------+---------+-------+---------
         Total |       0 |  498844 |   0.0 |       0 |     406 |   0.0 | 10031
               +---------+---------+-------+---------+---------+-------+---------
             D |       0 |  498844 |   0.0 |       0 |     406 |   0.0 | 10031
               +---------+---------+-------+---------+---------+-------+---------
